PAAA
BAKERSFIELD NOBLES @ ROYSE CITY TARGARYENS
06/08/2022
 
TOP OF THE 1ST
Bakersfield Nobles batting - Pitching for Royse City Targaryens : RHP Ryan Ingram
Pitching: RHP Ryan Ingram
Batting: SHB Jon Jenkins 0-0: Ball
1-0: Ball
2-0: Ball
3-0: Base on Balls
Batting: LHB Mike Russell 0-0: Called Strike
0-1: Ball
1-1: Called Strike
1-2: Strikes out looking
Batting: LHB Jake Shelton 0-0: Grounds into double play, 6-4-3 (Groundball, 6M)
Top of the 1st over - 0 run(s), 0 hit(s), 0 error(s), 0 left on base; Bakersfield 0 - Royse City 0
BOTTOM OF THE 1ST
Royse City Targaryens batting - Pitching for Bakersfield Nobles : RHP Marcos López
Pitching: RHP Marcos López
Batting: LHB Paul Wilson 0-0: Ball
1-0: Ball
2-0: Foul Ball, location: 2F
2-1: Ball
3-1: Foul Ball, location: 2F
3-2: Strikes out swinging
Batting: LHB Fernando Ramírez 0-0: Ball
1-0: Ball
2-0: Swinging Strike
2-1: Ball
3-1: Base on Balls
Batting: LHB Carlos Álvarez 0-0: Called Strike
0-1: Called Strike
0-2: Ball
1-2: SINGLE (Line Drive, 89S)
Fernando Ramírez to second
Batting: SHB Robbie Anderson 0-0: Ball
1-0: Ball
2-0: Fly out, F7 (Flyball, 7M)
Batting: RHB Henry Jones 0-0: Called Strike
0-1: Ball
1-1: Foul Ball, location: 2F
1-2: Ball
2-2: Foul Ball, location: 2F
2-2: Foul Ball, location: 2F
2-2: Ball
3-2: Foul Ball, location: 2F
3-2: Foul Ball, location: 2F
3-2: Base on Balls
Fernando Ramírez to third
Carlos Álvarez to second
Batting: RHB Domingo García 0-0: Ball
1-0: Called Strike
1-1: Called Strike
1-2: Fielders Choice at 2nd, U6 (Groundball, 6M)
Bottom of the 1st over - 0 run(s), 1 hit(s), 0 error(s), 3 left on base; Bakersfield 0 - Royse City 0
TOP OF THE 2ND
Bakersfield Nobles batting - Pitching for Royse City Targaryens : RHP Ryan Ingram
Batting: RHB Lloyd Alberink 0-0: Ball
1-0: Ball
2-0: Foul Ball, location: 2F
2-1: SINGLE (Groundball, 56D)
Batting: RHB Dong-po Tien 0-0: Ball
1-0: Fly out, F8 (Flyball, 8RXD)
Batting: RHB Bill Sackett 0-0: Ball
1-0: Ball
2-0: Ball
3-0: Called Strike
3-1: Foul Ball, location: 2F
3-2: SINGLE (Groundball, 4MD)
Lloyd Alberink to second
Lloyd Alberink to third
Batting: SHB Andrew Baker 0-0: Called Strike
0-1: Called Strike
0-2: Ball
1-2: Strikes out swinging
Batting: LHB Luis Velázquez 0-0: Fly out, F7 (Flyball, 7LS)
Top of the 2nd over - 0 run(s), 2 hit(s), 0 error(s), 2 left on base; Bakersfield 0 - Royse City 0
BOTTOM OF THE 2ND
Royse City Targaryens batting - Pitching for Bakersfield Nobles : RHP Marcos López
Batting: RHB Tristan Kuhn 0-0: Foul Ball, location: 2F
0-1: Called Strike
0-2: Ball
1-2: Strikes out looking
Batting: RHB Dave Thompson 0-0: TRIPLE (Line Drive, 89D)
Batting: RHB Miguel Márquez 0-0: Ball
1-0: Fly out, F9 (Flyball, 9M)
Runner from 3rd tags up, OUT at HOME
Bottom of the 2nd over - 0 run(s), 1 hit(s), 0 error(s), 0 left on base; Bakersfield 0 - Royse City 0
TOP OF THE 3RD
Bakersfield Nobles batting - Pitching for Royse City Targaryens : RHP Ryan Ingram
Batting: LHB Ricardo Miranda 0-0: Called Strike
0-1: Ball
1-1: Reached on error, E6 (Groundball, 6)
Batting: SHB Jon Jenkins 0-0: Swinging Strike
0-1: Ball
1-1: Ball
2-1: SINGLE (Groundball, 34S)
Ricardo Miranda to third
Batting: LHB Mike Russell 0-0: Ball
1-0: Called Strike
1-1: Ball
2-1: SINGLE (Groundball, 15) (infield hit)
Jon Jenkins to second
Batting: LHB Jake Shelton 0-0: Ball
1-0: Called Strike
1-1: Foul Ball, location: 2F
1-2: Ball
2-2: Ball
3-2: Strikes out swinging
Batting: RHB Lloyd Alberink 0-0: Called Strike
0-1: Swinging Strike
0-2: Ball
1-2: Strikes out looking
Batting: RHB Dong-po Tien 0-0: Fly out, F8 (Flyball, 8RM)
Top of the 3rd over - 0 run(s), 2 hit(s), 1 error(s), 3 left on base; Bakersfield 0 - Royse City 0
BOTTOM OF THE 3RD
Royse City Targaryens batting - Pitching for Bakersfield Nobles : RHP Marcos López
Batting: LHB Paul Wilson 0-0: Ball
1-0: Foul Ball, location: 2F
1-1: Ball
2-1: Foul Ball, location: 2F
2-2: Foul Ball, location: 2F
2-2: Fly out, F9 (Flyball, 89M)
Batting: LHB Fernando Ramírez 0-0: Called Strike
0-1: Ball
1-1: Ball
2-1: Ball
3-1: Base on Balls
Batting: LHB Carlos Álvarez 0-0: Ball
1-0: SINGLE (Flyball, 8LS)
Fernando Ramírez to second
Batting: SHB Robbie Anderson 0-0: Ball
1-0: Called Strike
1-1: Ball
2-1: 3-RUN HOME RUN (Flyball, 9D), Distance : 356 ft
Batting: RHB Henry Jones 0-0: Ball
1-0: Ball
2-0: Foul Ball, location: 2F
2-1: Foul Ball, location: 2F
2-2: Ball
3-2: SINGLE (Line Drive, 56D)
Batting: RHB Domingo García 0-0: 2-RUN HOME RUN (Flyball, 7D), Distance : 368 ft
Batting: RHB Tristan Kuhn 0-0: Ball
1-0: Ball
2-0: Called Strike
2-1: Foul Ball, location: 2F
2-2: Foul Ball, location: 2F
2-2: Foul Ball, location: 2F
2-2: SINGLE (Line Drive, 89S)
Batting: RHB Dave Thompson 0-0: Called Strike
0-1: Ground out U3 (Groundball, 3S)
Tristan Kuhn to second
Batting: RHB Miguel Márquez 0-0: Ball
1-0: SINGLE (Groundball, 56D)
Tristan Kuhn to third
Runner from 3rd tries for Home, SAFE, no throw or cutoff
Batting: LHB Paul Wilson 0-0: Ball
1-0: Called Strike
1-1: Foul Ball, location: 2F
1-2: Foul Ball, location: 2F
1-2: SINGLE (Groundball, 34S)
Miguel Márquez to second
Runner from 2nd tries for 3rd, SAFE, throw made to third
Paul Wilson to second
Pitching: RHP Chip Scott
Batting: LHB Fernando Ramírez 0-0: Foul Ball, location: 2F
0-1: Ground out 4-3 (Groundball, 34)
Bottom of the 3rd over - 6 run(s), 7 hit(s), 0 error(s), 2 left on base; Bakersfield 0 - Royse City 6
TOP OF THE 4TH
Bakersfield Nobles batting - Pitching for Royse City Targaryens : RHP Ryan Ingram
Batting: RHB Bill Sackett 0-0: Ball
1-0: Fly out, F9 (Flyball, 8RM)
Batting: SHB Andrew Baker 0-0: Fly out, F4 (Line Drive, 4M)
Batting: LHB Luis Velázquez 0-0: Called Strike
0-1: Ball
1-1: Swinging Strike
1-2: Ground out U3 (Groundball, 3L)
Top of the 4th over - 0 run(s), 0 hit(s), 0 error(s), 0 left on base; Bakersfield 0 - Royse City 6
BOTTOM OF THE 4TH
Royse City Targaryens batting - Pitching for Bakersfield Nobles : RHP Chip Scott
Batting: LHB Carlos Álvarez 0-0: Ball
1-0: Called Strike
1-1: SOLO HOME RUN (Line Drive, 9D), Distance : 339 ft
Batting: SHB Robbie Anderson 0-0: Ball
1-0: Foul Ball, location: 2F
1-1: Ball
2-1: Ground out 1-3 (Groundball, 23)
Batting: RHB Henry Jones 0-0: Ball
1-0: Called Strike
1-1: Swinging Strike
1-2: Ball
2-2: Strikes out looking
Batting: RHB Domingo García 0-0: Ball
1-0: Swinging Strike
1-1: SINGLE (Groundball, 56D)
Batting: RHB Tristan Kuhn 0-0: Foul Ball, location: 2F
0-1: Ball
1-1: Swinging Strike
1-2: Strikes out swinging
Bottom of the 4th over - 1 run(s), 2 hit(s), 0 error(s), 1 left on base; Bakersfield 0 - Royse City 7
TOP OF THE 5TH
Bakersfield Nobles batting - Pitching for Royse City Targaryens : RHP Ryan Ingram
Batting: LHB Ricardo Miranda 0-0: Fly out, F7 (Line Drive, 7M)
Batting: SHB Jon Jenkins 0-0: Foul Ball, location: 2F
0-1: Ball
1-1: Ball
2-1: Foul Ball, location: 2F
2-2: Ground out 4-3 (Groundball, 4)
Batting: LHB Mike Russell 0-0: Foul Ball, location: 2F
0-1: Ball
1-1: Ball
2-1: Fly out, F9 (Flyball, 89M)
Top of the 5th over - 0 run(s), 0 hit(s), 0 error(s), 0 left on base; Bakersfield 0 - Royse City 7
BOTTOM OF THE 5TH
Royse City Targaryens batting - Pitching for Bakersfield Nobles : RHP Chip Scott
Batting: RHB Dave Thompson 0-0: Ball
1-0: Ball
2-0: Ball
3-0: Base on Balls
Batting: RHB Miguel Márquez 0-0: Called Strike
0-1: Ball
1-1: Foul Ball, location: 2F
1-2: Ball
2-2: Ball
Wild Pitch!
Dave Thompson to second
3-2: Ground out 6-3 (Groundball, 6M)
Dave Thompson to third
Batting: LHB Paul Wilson 0-0: SINGLE (Line Drive, 6MD)
Dave Thompson scores
Batting: LHB Fernando Ramírez 0-0: Ball
1-0: Ball
Paul Wilson steals 2nd base
2-0: Called Strike
2-1: Ground out 5-3 (Groundball, 56)
Batting: LHB Carlos Álvarez 0-0: Ball
1-0: Ball
2-0: Ball
3-0: Foul Ball, location: 2F
3-1: Base on Balls
Batting: SHB Robbie Anderson 0-0: Foul Ball, location: 2F
0-1: Called Strike
0-2: Ball
1-2: Foul Ball, location: 2F
1-2: Ground out 6-3 (Groundball, 6)
Bottom of the 5th over - 1 run(s), 1 hit(s), 0 error(s), 2 left on base; Bakersfield 0 - Royse City 8
TOP OF THE 6TH
Bakersfield Nobles batting - Pitching for Royse City Targaryens : RHP Ryan Ingram
Pitching: RHP Aki Tanaka
Batting: LHB Jake Shelton 0-0: SINGLE (Line Drive, 4MD)
Batting: RHB Lloyd Alberink 0-0: Ball
Wild Pitch!
Jake Shelton to second
1-0: Swinging Strike
1-1: Fly out, F8 (Flyball, 8RM)
Batting: RHB Dong-po Tien 0-0: Ball
1-0: Ball
2-0: Ground out 1-3 (Groundball, 15)
Batting: RHB Bill Sackett 0-0: Called Strike
0-1: Fly out, F9 (Flyball, 9M)
Top of the 6th over - 0 run(s), 1 hit(s), 0 error(s), 1 left on base; Bakersfield 0 - Royse City 8
BOTTOM OF THE 6TH
Royse City Targaryens batting - Pitching for Bakersfield Nobles : RHP Chip Scott
Batting: RHB Henry Jones 0-0: Ball
1-0: Called Strike
1-1: Ball
2-1: Foul Ball, location: 2F
2-2: Foul Ball, location: 2F
2-2: Ball
3-2: Foul Ball, location: 2F
3-2: Base on Balls
Batting: RHB Domingo García 0-0: Bunted foul
0-1: Ball
1-1: Sac Bunt - play at first, batter OUT! 1-4
Henry Jones to second
Batting: RHB Tristan Kuhn 0-0: Ball
1-0: SINGLE (Flyball, 34)
Henry Jones to third
Runner from 3rd tries for Home, SAFE, throw made home
Tristan Kuhn to second
Pitching: LHP Bryan Houston
Batting: RHB Dave Thompson 0-0: Ball
1-0: Ball
2-0: Ground out 6-3 (Groundball, 6M)
Tristan Kuhn to third
Batting: RHB Miguel Márquez 0-0: SINGLE (Line Drive, 7LS)
Tristan Kuhn scores
Batting: LHB Paul Wilson 0-0: Fly out, F7 (Flyball, 7M)
Bottom of the 6th over - 2 run(s), 2 hit(s), 0 error(s), 1 left on base; Bakersfield 0 - Royse City 10
TOP OF THE 7TH
Bakersfield Nobles batting - Pitching for Royse City Targaryens : RHP Aki Tanaka
Batting: SHB Andrew Baker 0-0: Called Strike
0-1: Foul Ball, location: 2F
0-2: Ball
1-2: Ball
2-2: Foul Ball, location: 2F
2-2: Foul Ball, location: 2F
2-2: Ball
3-2: Foul Ball, location: 2F
3-2: Base on Balls
Batting: LHB Luis Velázquez 0-0: Called Strike
0-1: Foul Ball, location: 2F
0-2: Ball
1-2: Strikes out swinging
Batting: LHB Ricardo Miranda 0-0: Swinging Strike
Andrew Baker is caught stealing 2nd base
0-1: Ball
1-1: SINGLE (Line Drive, 89S)
Batting: SHB Jon Jenkins 0-0: Ball
1-0: Ball
2-0: Ball
3-0: Base on Balls
Ricardo Miranda to second
Batting: LHB Mike Russell 0-0: Ball
1-0: Ball
2-0: Swinging Strike
2-1: Ball
3-1: Called Strike
3-2: Fly out, F7 (Popup, 78S)
Top of the 7th over - 0 run(s), 1 hit(s), 0 error(s), 2 left on base; Bakersfield 0 - Royse City 10
BOTTOM OF THE 7TH
Royse City Targaryens batting - Pitching for Bakersfield Nobles : LHP Bryan Houston
Batting: LHB Fernando Ramírez 0-0: Called Strike
0-1: Swinging Strike
0-2: Strikes out looking
Batting: LHB Carlos Álvarez 0-0: Ball
1-0: Hit by Pitch
Batting: SHB Robbie Anderson 0-0: Called Strike
0-1: DOUBLE (Flyball, 8RXD)
Carlos Álvarez to third
Runner from 3rd tries for Home, SAFE, throw made home
Batting: RHB Henry Jones 0-0: Ball
1-0: SINGLE (Groundball, 56D)
Robbie Anderson to third
Runner from 3rd tries for Home, SAFE, throw made home
Henry Jones to second
Batting: RHB Domingo García 0-0: Called Strike
Henry Jones is caught stealing 3rd base
0-1: Ball
1-1: Foul Ball, location: 2F
1-2: Foul Ball, location: 2F
1-2: Foul Ball, location: 2F
1-2: Ball
2-2: Foul Ball, location: 2F
2-2: Foul Ball, location: 2F
2-2: Strikes out looking
Bottom of the 7th over - 2 run(s), 2 hit(s), 0 error(s), 0 left on base; Bakersfield 0 - Royse City 12
TOP OF THE 8TH
Bakersfield Nobles batting - Pitching for Royse City Targaryens : RHP Aki Tanaka
Now at 1B: Miguel Juárez
Batting: LHB Jake Shelton 0-0: Ball
1-0: Foul Ball, location: 2F
1-1: Foul Ball, location: 2F
1-2: DOUBLE (Line Drive, 3L)
Pinch Hitting: RHB Manuel Villarreal 0-0: Foul Ball, location: 2F
0-1: Swinging Strike
0-2: Foul Ball, location: 2F
0-2: Ball
1-2: Strikes out swinging
Batting: RHB Dong-po Tien 0-0: Swinging Strike
0-1: Swinging Strike
0-2: Ball
1-2: Foul Ball, location: 2F
1-2: Foul Ball, location: 2F
1-2: Strikes out swinging
Batting: RHB Bill Sackett 0-0: Ball
1-0: Called Strike
1-1: Foul Ball, location: 2F
1-2: Ground out 4-3 (Groundball, 4)
Top of the 8th over - 0 run(s), 1 hit(s), 0 error(s), 1 left on base; Bakersfield 0 - Royse City 12
BOTTOM OF THE 8TH
Royse City Targaryens batting - Pitching for Bakersfield Nobles : LHP Bryan Houston
Now at SS: Juan Alba
Batting: RHB Tristan Kuhn 0-0: Called Strike
0-1: Called Strike
0-2: Foul Ball, location: 2F
0-2: Foul Ball, location: 2F
0-2: Ball
1-2: Foul Ball, location: 2F
1-2: Ball
2-2: Ball
3-2: Foul Ball, location: 2F
3-2: Fly out, F3 (Popup, 3F)
Batting: RHB Dave Thompson 0-0: Called Strike
0-1: Reached on error, E6 (Groundball, 6M)
Batting: RHB Miguel Márquez 0-0: Called Strike
0-1: Foul Ball, location: 2F
0-2: Foul Ball, location: 2F
0-2: Ball
1-2: Ball
2-2: SINGLE (Line Drive, 8LS)
Dave Thompson to third
Batting: LHB Paul Wilson 0-0: Swinging Strike
Passed Ball!
Dave Thompson scores
Miguel Márquez to second
0-1: Called Strike
0-2: Ball
1-2: Ball
2-2: Foul Ball, location: 2F
2-2: Strikes out swinging
Batting: LHB Fernando Ramírez 0-0: Foul Ball, location: 2F
0-1: Foul Ball, location: 2F
0-2: Ball
1-2: Ball
2-2: Fly out, F8 (Flyball, 8RM)
Bottom of the 8th over - 1 run(s), 1 hit(s), 1 error(s), 1 left on base; Bakersfield 0 - Royse City 13
TOP OF THE 9TH
Bakersfield Nobles batting - Pitching for Royse City Targaryens : RHP Aki Tanaka
Batting: SHB Andrew Baker 0-0: Ball
1-0: Ball
2-0: Called Strike
2-1: Ball
3-1: Foul Ball, location: 2F
3-2: Foul Ball, location: 2F
3-2: Base on Balls
Batting: LHB Luis Velázquez 0-0: Called Strike
0-1: Ball
1-1: Ball
2-1: Foul Ball, location: 2F
2-2: Ground out 4-3 (Groundball, 4M)
Andrew Baker to second
Batting: LHB Ricardo Miranda 0-0: Ball
1-0: 2-RUN HOME RUN (Flyball, 9D), Distance : 336 ft
Batting: SHB Jon Jenkins 0-0: Called Strike
0-1: SINGLE (Groundball, 34D)
Pinch Hitting: RHB Yoshifumi Sato 0-0: Ball
1-0: Called Strike
1-1: Ball
2-1: Foul Ball, location: 2F
2-2: Foul Ball, location: 2F
2-2: Foul Ball, location: 2F
2-2: Fly out, F4 (Popup, 6MD)
Batting: LHB Jake Shelton 0-0: Reached on error, E4 (Groundball, 4)
Jon Jenkins to third
Batting: RHB Juan Alba 0-0: SINGLE (Groundball, 4MD)
Jon Jenkins scores
Jake Shelton to third
Runner from 3rd tries for Home, SAFE, no throw or cutoff
Pitching: RHP John Hicks
Batting: RHB Dong-po Tien 0-0: Ball
1-0: Ball
2-0: Ball
3-0: Base on Balls
Juan Alba to second
Batting: RHB Bill Sackett 0-0: Ball
1-0: Ball
2-0: Ball
3-0: Called Strike
3-1: Called Strike
3-2: SINGLE (Line Drive, 56D)
Juan Alba to third
Dong-po Tien to second
Juan Alba scores
Dong-po Tien to third
Batting: SHB Andrew Baker 0-0: Ball
1-0: Ball
2-0: Ball
3-0: Base on Balls
Bill Sackett to second
Batting: LHB Luis Velázquez 0-0: Fly out, F4 (Line Drive, 4S)
Top of the 9th over - 5 run(s), 4 hit(s), 1 error(s), 3 left on base; Bakersfield 5 - Royse City 13
This league is powered by Out of the Park Baseball, the baseball management simulation game for PC, Mac and Linux
Friday, April 15th, 2016 - OOTP Baseball 16.9 Build 39